 Dungeon Crawl Stone Soup version 0.30.1 (webtiles) character file.

Game seed: 3567582762602860537

2935 croobank the Conjurer (level 9, -8/68 HPs)
             Began as a Demonspawn Conjurer on July 2, 2023.
             Was a Priest of Makhleb.
             Mangled by a two-headed ogre
             ... wielding a +0 giant spiked club
              (12 damage)
             ... on level 8 of the Dungeon.
             The game lasted 01:17:13 (9836 turns).

croobank the Conjurer (Demonspawn Conjurer)         Turns: 9836, Time: 01:17:14

Health: -8/68      AC:  7    Str:  2    XL:     9   Next: 51%
Magic:  5/16       EV: 19    Int: 30    God:    Makhleb [***...]
Gold:   1427       SH:  0    Dex: 15    Spells: 9/18 levels left

rFire   . . .        r - +4 rapier of the Wilderness {pain, *Rage +Blink rC+ rN+}
rCold   + . .        (no shield)
rNeg    + . .        a - +0 robe
rPois   +            (helmet restricted)
rElec   .            (no cloak)
rCorr   .            k - +1 pair of gloves
SInv    .            h - +2 pair of boots
Will    .....        (no amulet)
Stlth   +++          w - ring of poison resistance
HPRegen 0.31/turn    E - ring "Regrus" {Wiz Str-5 Int+6 Dex+3}
MPRegen 0.15/turn

%: random rage (20%), wizardry (x1)
@: mighty, agile
A: antennae 1, demonic guardian 1, powered by pain 2
a: Renounce Religion, Evoke Blink, Minor Destruction, Lesser Servant of Makhleb


You were on level 8 of the Dungeon.
You worshipped Makhleb.
Makhleb was most pleased with you.
You visited 2 branches of the dungeon, and saw 9 of its levels.

You collected 1427 gold pieces.

Inventory:

Hand Weapons
 c - a +0 morningstar
 d - a +0 short sword
 f - a +2 trident of venom
 i - a +4 dagger of venom
 q - a +0 war axe
 r - the +4 rapier of the Wilderness (weapon) {pain, *Rage +Blink rC+ rN+}
   (You found it on level 2 of the Dungeon)

   rC:        It protects you from cold.
   rN:        It protects you from negative energy.
   +Blink:    It lets you blink.
   *Rage:     It berserks you when you make melee attacks (+20% chance).
 t - a +2 heavy hand axe
 v - a +1 vampiric rapier
 F - a +0 broad axe
 I - a +0 scimitar
Missiles
 g - 18 poisoned darts
Armour
 a - a +0 robe (worn)
 h - a +2 pair of boots (worn)
 k - a +1 pair of gloves (worn)
 z - a +0 leather armour of cold resistance
Magical Staves
 s - a staff of cold
Jewellery
 w - a ring of poison resistance (left hand)
 E - the ring "Regrus" (right hand) {Wiz Str-5 Int+6 Dex+3}
   (You found it on level 4 of the Dungeon)

   [ring of wizardry]

   It improves your spell success rate.
   Str:       It affects your strength (-5).
   Int:       It affects your intelligence (+6).
   Dex:       It affects your dexterity (+3).
Wands
 e - a wand of quicksilver (4)
 G - a wand of polymorph (5)
Scrolls
 j - 2 scrolls of teleportation
 m - 3 scrolls of immolation
 y - 2 scrolls of magic mapping
 D - 3 scrolls of amnesia
 H - a scroll of fear
Potions
 b - a potion of magic
 l - 3 potions of curing
 n - 2 potions of brilliance
 o - a potion of ambrosia
 p - 7 potions of mutation
 u - a potion of attraction
 x - 2 potions of flight
 A - 2 potions of cancellation
 B - 2 potions of might {unknown}
 C - a potion of degeneration {unknown}
 K - a potion of lignification {unknown}


   Skills:
 + Level 5.0 Fighting
 + Level 5.0 Dodging
 + Level 5.4 Stealth
 + Level 5.1 Spellcasting
 + Level 6.6 Conjurations
 + Level 3.1 Hexes
 + Level 6.6 Invocations


You had 9 spell levels left.
You knew the following spells:

 Your Spells              Type           Power      Damage    Failure   Level
a - Magic Dart            Conj           100%       1d8       1%          1
b - Searing Ray           Conj           94%        2d7       1%          2
c - Dazzling Flash        Conj/Hex       72%        N/A       1%          3
d - Call Canine Familiar  Summ           7%         N/A       7%          3

Your spell library contained the following spells:

 Spells                   Type           Power      Damage    Failure   Level
 Portal Projectile        Hex/Tloc       34%        N/A       3%          3
 Fulminant Prism          Conj/Hex       18%        3d10      3%          4
 Iskenderun's Mystic Bla  Conj/Tloc      27%        2d7       6%          4
 Vhi's Electric Charge    Tloc/Air       14%        N/A       7%          3
 Leda's Liquefaction      Hex/Erth       8%         N/A       12%         4
 Arcjolt                  Conj/Air       13%        1d23      16%         5
 Animate Armour           Summ/Erth      14%        N/A       22%         4
 Summon Mana Viper        Hex/Summ       17%        N/A       32%         5
 Plasma Beam              Fire/Air       3%         2x1d15    96%         6
 Summon Cactus Giant      Summ           3%         N/A       96%         6


Dungeon Overview and Level Annotations

Branches:
Dungeon (8/15)             Temple (1/1) D:7
   Lair: D:8-11

Altars:
Cheibriados
Fedhas
Makhleb
Vehumet
Wu Jian
Yredelemnul

Shops:
D:1 (

Annotations:
D:3 1 runed translucent door, Crazy Yiuf
D:8 1 runed translucent door, mkat's ghost, novice DjVM


Innate Abilities, Weirdness & Mutations

You have a pair of small antennae on your head.
A weak demonic guardian rushes to your aid.
You sometimes gain power by taking damage.


Message History

Casting: Dazzling Flash (safe; 1% risk of failure)
Press: ? - help, Dir - look around, f - activate
Okay, then.
Casting: Dazzling Flash (safe; 1% risk of failure)
Confirm with . or Enter, or press ? or * to list all spells.
Your hound disappears in a puff of smoke!
Your iron imp hits the two-headed ogre!
The two-headed ogre hits your iron imp with a +0 giant spiked club!!!
Your iron imp dies!
Your iron imp disappears in a puff of smoke!
Your hound bites the two-headed ogre.
Your hound bites the two-headed ogre. x2
Unknown command.
Unknown command.
Your hound bites the two-headed ogre.
Your hound barely misses the two-headed ogre.
Okay, then.
Your +4 dagger of venom stops dripping with poison.
You have a feeling of ineptitude.
r - the +4 rapier of the Wilderness (weapon)
{pain, *Rage +Blink rC+ rN+}
Casting: Call Canine Familiar (dangerous; 7% risk of failure)
Confirm with . or Enter, or press ? or * to list all spells.
You swap places.
Your hound bites the two-headed ogre.
The two-headed ogre barely misses your hound.
The two-headed ogre closely misses your hound.
Your hound bites the two-headed ogre. x2
The two-headed ogre closely misses your hound.
The two-headed ogre hits your hound with a +0 giant spiked club.
Your hound bites the two-headed ogre but does no damage.
Your hound barely misses the two-headed ogre.
The two-headed ogre hits your hound with a +0 giant spiked club!!
Your hound dies!
Your hound's corpse disappears in a puff of smoke!
The two-headed ogre shouts in stereo!
The two-headed ogre hits you with a +0 giant spiked club!!
* * * LOW HITPOINT WARNING * * *
A demonic guardian appears!
You focus on the pain.
You feel more agile all of a sudden.
The two-headed ogre hits you with a +0 giant spiked club!
You die...

#.#.# #...#.#.#.#.# ..#
###...#...#.###### ####
#............... #<#
#####.....######
#.###########..#..#
#.................### #
############....#...###
####....#######....##..>..
........O@....#....######.
####...5#####.#....# ##
#...........#.#....######.
#.#.........#.#.........#♣
#.#.........#.#.........##
#.#.........#.#.........##
#.#.........#.#.#.#.....'.
#.#.........#.#.#.#.....##
#.#.........#.#...#.....#


You could see a two-headed ogre (ally target) and a friendly ufetubus
(summoned).

Vanquished Creatures
  A gargoyle (D:7)
  A water moccasin (D:8)
  A sky beast (D:8)
  4 orc warriors
  2 black bears
  An ogre (D:6)
  2 bullfrogs (D:8)
  A scorpion (D:4)
  6 killer bees
  3 howler monkeys
  5 orc priests
  2 hounds
  3 gnoll boudas
  2 sleepcaps (D:6)
  Natasha (thrice) (D:3)
  5 orc wizards
  Robin (D:2)
  17 gnolls
  9 adders
  2 white imps
  2 ufetubi
  2 dart slugs
  30 orcs
  5 ball pythons
  3 bats
  6 endoplasms
  A giant cockroach (D:2)
  16 goblins
  6 hobgoblins
  6 kobolds
  3 quokkas
  A frilled lizard (D:1)
  7 rats
159 creatures vanquished.

Vanquished Creatures (collateral kills)
  An ice beast (D:7)
  A gnoll sergeant (D:7)
  A howler monkey (D:7)
  A jelly (D:6)
  An orc priest (D:6)
  3 gnolls (D:7)
  An orc (D:8)
  A goblin (D:3)
10 creatures vanquished.

Grand Total: 169 creatures vanquished

Notes
Turn   | Place    | Note
-------+----------+-------------------------------------------
     0 | D:1      | croobank the Demonspawn Conjurer began the quest for the
                  | Orb.
     0 | D:1      | Reached XP level 1. HP: 13/13 MP: 3/3
   462 | D:1      | Gained mutation: You sometimes gain a little power by
                  | taking damage. [demonic ancestry]
   462 | D:1      | Reached XP level 2. HP: 20/20 MP: 3/5
   465 | D:1      | Learned a level 2 spell: Searing Ray
   763 | D:1      | Found Yfehotyg's Antique Weapon Boutique.
   859 | D:1      | Found a faded altar of an unknown god.
   862 | D:1      | Prayed at the altar of an unknown god.
   862 | D:1      | Became a worshipper of Makhleb the Destroyer
   862 | D:1      | Reached * piety under Makhleb
  1207 | D:2      | Reached skill level 1 in Fighting
  1207 | D:2      | Reached skill level 1 in Invocations
  1207 | D:2      | Reached XP level 3. HP: 26/26 MP: 1/6
  1446 | D:2      | Identified the +4 rapier of the Wilderness {pain, *Rage
                  | +Blink rC+ rN+}
  1924 | D:2      | Noticed Robin
  1942 | D:2      | Reached ** piety under Makhleb
  2032 | D:2      | Killed Robin
  2033 | D:2      | Gained mutation: A weak demonic guardian rushes to your
                  | aid. [demonic ancestry]
  2033 | D:2      | Reached XP level 4. HP: 32/32 MP: 0/7
  2463 | D:3      | Found a runed translucent door.
  2464 | D:3      | Noticed Crazy Yiuf
  2489 | D:3      | Found a burning altar of Makhleb.
  2582 | D:3      | Noticed Natasha
  2593 | D:3      | Killed Natasha
  2602 | D:3      | Noticed Natasha
  2704 | D:3      | Killed Natasha
  2920 | D:3      | Found a basalt altar of Yredelemnul.
  2954 | D:3      | Reached XP level 5. HP: 37/37 MP: 5/9
  3219 | D:3      | Noticed Natasha
  3226 | D:3      | Killed Natasha
  3621 | D:4      | Found a blossoming altar of Fedhas.
  3762 | D:4      | Noticed a black bear
  3776 | D:4      | Killed a black bear
  3777 | D:4      | Gained mutation: You sometimes gain power by taking damage.
                  | [demonic ancestry]
  3777 | D:4      | Reached XP level 6. HP: 32/45 MP: 1/10
  3949 | D:4      | Identified the ring "Regrus" {Wiz Str-5 Int+6 Dex+3}
  4104 | D:4      | Identified a scroll of acquirement
  4104 | D:4      | Acquired 959 gold pieces
  4589 | D:5      | Entered Level 5 of the Dungeon
  4816 | D:5      | Reached skill level 5 in Conjurations
  4816 | D:5      | Reached XP level 7. HP: 51/51 MP: 5/11
  6143 | D:6      | Reached *** piety under Makhleb
  6265 | D:6      | Gained mutation: You have a pair of small antennae on your
                  | head. [demonic ancestry]
  6265 | D:6      | Reached XP level 8. HP: 58/58 MP: 11/14
  6700 | D:6      | Found a snail-covered altar of Cheibriados.
  6701 | D:6      | Found a radiant altar of Vehumet.
  6717 | D:6      | Learned a level 3 spell: Dazzling Flash
  6721 | D:6      | Learned a level 3 spell: Call Canine Familiar
  7000 | D:7      | Got the Codex of Salt
  7059 | D:7      | Reached skill level 5 in Invocations
  7204 | D:7      | Noticed a gargoyle
  7217 | D:7      | Killed a gargoyle
  7218 | D:7      | Reached skill level 1 in Hexes
  7363 | D:7      | Found a staircase to the Ecumenical Temple.
  7861 | D:7      | Found an ornate altar of the Wu Jian Council.
  8225 | D:7      | Reached XP level 9. HP: 30/66 MP: 3/16
  8226 | Temple   | Entered the Ecumenical Temple
  8389 | Temple   | Reached skill level 5 in Stealth
  8972 | D:8      | Reached skill level 5 in Spellcasting
  9579 | D:8      | Reached skill level 5 in Fighting
  9579 | D:8      | Reached skill level 5 in Dodging
  9700 | D:8      | Found a runed translucent door.
  9705 | D:8      | Noticed mkat's ghost (novice DjVM)
  9808 | D:8      | Noticed a two-headed ogre
  9836 | D:8      | Mangled by a two-headed ogre

Illustrated notes

Levels and vault maps discovered:
D:1:      dpeg_arrival_radiant, layout_loops_cross, serial_shops,
          nicolae_shop_dealshenge, shapermc_ecumenical_altar_mp_vishouse
D:2:      layout_basic, uniq_robin
D:3:      layout_loops_cross, amcnicky_altar_gilded, yredelemnul_altar_generic,
          uniq_natasha, uniq_crazy_yiuf_cottage
D:4:      layout_loops_ring, kennysheep_little_box, fedhas_ov_isle_minmay,
          serial_glass, glass_columns_a, glass_columns_c
D:5:      layout_gridville
D:6:      layout_loops_ring, jmf_multi_god_temple
D:7:      layout_gridville, nzn_wu_jian_contemplation, minmay_temple_entry_tees
D:8:      layout_basic, gammafunk_ghost_grave
Temple:   oiseaux_autumnal_temple

Skill      XL: |  1  2  3  4  5  6  7  8  9 |
---------------+----------------------------+-----
Stealth        | 2 3 4 5 |  5.4
Dodging        | 2 3 4 5 |  5.0
Fighting       | 1 2 3 4 5 |  5.0
Invocations    | 1 2 3 4 5 6 |  6.6
Spellcasting   | 3 4 5 |  5.1
Conjurations   | 5 6 |  6.6
Hexes          | 2 3 |  3.1

Action                     |  1- 3 |  4- 6 |  7- 9 || total
---------------------------+-------+-------+-------++-------
  Melee: Short sword       |     4 |       |       ||     4
         Rapier            |    11 |    53 |    80 ||   144
         Punch             |       |     1 |     3 ||     4
         Dagger            |       |       |    69 ||    69
   Cast: Magic Dart        |    48 |    26 |    38 ||   112
         Searing Ray       |    13 |    18 |    35 ||    66
         Call Canine Famil |       |       |    17 ||    17
         Dazzling Flash    |       |       |     6 ||     6
 Invoke: Lesser Servant of |       |       |     1 ||     1
    Use: Scroll            |       |    10 |    15 ||    25
         Potion            |       |       |     2 ||     2
   Stab: Sleeping          |       |     4 |     2 ||     6
         Distracted        |       |       |     1 ||     1
 Armour: Robe              |    10 |    25 |    72 ||   107
  Dodge: Dodged            |     6 |    60 |   174 ||   240
